 Dungeon Crawl Stone Soup version 0.30-a0-949-g53dc5368d7 (webtiles) character file.

Game seed: 15322252754170180133

539 2tousent the Ruffian (level 7, -3/68 HPs)
             Began as a Troll Cinder Acolyte on Mar 27, 2023.
             Was a High Priest of Ignis.
             Slain by Menkaure (10 damage)
             ... on level 4 of the Dungeon.
             The game lasted 00:04:26 (2721 turns).

2tousent the Ruffian (Troll Cinder Acolyte)         Turns: 2721, Time: 00:04:27

Health: -3/68      AC:  5    Str: 25    XL:     7   Next: 5%
Magic:  7/7        EV:  9    Int: 10    God:    Ignis [*****.]
Gold:   75         SH:  0    Dex:  5    Spells: 8/8 levels left

rFire   + . .      SeeInvis .      - Unarmed
rCold   . . .      Faith    .    (no shield)
rNeg    . . .      Spirit   .    a - +1 robe
rPois   .          Reflect  .    (helmet restricted)
rElec   .          Rampage  .    (no cloak)
rCorr   .                        (gloves unavailable)
Will    .....                    (boots unavailable)
Stlth   +                        (no amulet)
HPRegen 1.11/turn                (no ring)
MPRegen 0.10/turn                (no ring)

@: no status effects
A: large, unfitting armour, claws 3, regeneration 1, shaggy fur 1, tough skin 1
a: Renounce Religion, Fiery Armour, Foxfire Swarm, Rising Flame


You were on level 4 of the Dungeon.
You worshipped Ignis.
Ignis was extremely pleased with you.
You visited 1 branch of the dungeon, and saw 4 of its levels.

You collected 75 gold pieces.

Inventory:

Armour
 a - a +1 robe (worn)
Jewellery
 c - a ring of poison resistance
 m - the amulet "Culyahyck" {Acrobat rF+ Dex+6}
   (You found it on level 3 of the Dungeon)

   [amulet of the acrobat]

   It increases your evasion while moving and waiting.
   Dex:       It affects your dexterity (+6).
   rF:        It protects you from fire.
Wands
 i - a wand of flame (11)
 j - a wand of digging (4)
Scrolls
 g - a scroll of fog
 p - a scroll of identify
Potions
 b - 3 potions of mutation
 d - a potion of degeneration
 e - a potion of curing {unknown}
 f - a potion of berserk rage {unknown}
 h - a potion of attraction {unknown}
 k - a potion of might {unknown}
 l - a potion of cancellation {unknown}
 n - a potion of resistance {unknown}
 o - 3 potions of flight {unknown}


   Skills:
 + Level 3.8 Fighting
 + Level 2.7 Dodging
 * Level 6.1 Unarmed Combat
 - Level 1.0 Spellcasting
 - Level 2.2 Fire Magic


You had 8 spell levels left.
You didn't know any spells.
Your spell library contained the following spells:

 Spells                   Type           Power      Damage    Failure   Level
 Scorch                   Fire           8%         2d5       22%         2
 Static Discharge         Conj/Air       0%         2-2/arc   45%         2
 Vhi's Electric Charge    Tloc/Air       0%         N/A       71%         3
 Plasma Beam              Fire/Air       1%         2x1d12    99%         5
 Arcjolt                  Conj/Air       0%         1d10      100%        5


Dungeon Overview and Level Annotations

Branches:
Dungeon (4/15)
 Temple: D:4-7

Altars:
Cheibriados
Dithmenos
Okawaru
Ru
Zin
The Shining One

Annotations:
D:4 Menkaure


Innate Abilities, Weirdness & Mutations

You are too large for most types of armour.
You have claws for hands.
Your natural rate of healing is unusually fast.
You are covered in fur. (AC +1)
You have tough skin. (AC +1)


Message History

You scratch the iguana but do no damage.
You scratch the iguana but do no damage.
The iguana barely misses you.
Menkaure calls on the powers of darkness!
The centaur convulses!
The iguana convulses!
Your body is wracked with pain!
* * * LOW HITPOINT WARNING * * *
You barely miss the iguana.
The iguana is heavily wounded.
The iguana barely misses you.
Menkaure calls on the powers of darkness!
The centaur convulses!
The iguana convulses!
Your body is wracked with pain!
* * * LOW HITPOINT WARNING * * *
You closely miss the iguana.
The iguana is severely wounded.
The iguana closely misses you.
Unknown command.
You scratch the iguana.
You kill the iguana!
The centaur shoots an arrow.
The arrow barely misses you.
The centaur unwields a +0 shortbow.
The centaur hits you.
* * * LOW HITPOINT WARNING * * *
The centaur barely misses you.
You barely miss the centaur.
The centaur is severely wounded.
The centaur hits you but does no damage.
The centaur kicks you but does no damage.
The centaur hits you but does no damage.
The centaur kicks you but does no damage.
You scratch the centaur.
The centaur is almost dead.
The centaur hits you.
* * * LOW HITPOINT WARNING * * *
The centaur kicks you but does no damage.
You claw the centaur!
You kill the centaur!
You have reached level 7!
You mangle Menkaure!!
Menkaure is severely damaged.
Menkaure hits you!
You die...

#...........#.#####.#
#...........#.# #.†#
#############.####..#
#.......# #########
#..###..# ........#
#..#....# .....:..#
#..#.#.##
........####....#.#
........M@...####.#
........###### #..
######.....# ###
#.....# #.....#
#.....# #.....#
#.....# ###....


You could see Menkaure (fast).

Vanquished Creatures
  Edmund (D:4)
  Pargi (D:3)
  A centaur (D:4)
  2 scorpions (D:4)
  2 orc priests (D:4)
  3 iguanas (D:4)
  A worm (D:3)
  3 orcs (D:4)
  8 ball pythons
  2 bats (D:3)
  6 endoplasms
  4 giant cockroaches
  5 goblins
  7 hobgoblins
  9 jackals
  2 quokkas
  4 frilled lizards
  5 kobolds
  2 rats (D:1)
68 creatures vanquished.

Notes
Turn   | Place    | Note
-------+----------+-------------------------------------------
     0 | D:1      | 2tousent the Troll Cinder Acolyte began the quest for the
                  | Orb.
     0 | D:1      | Reached XP level 1. HP: 22/22 MP: 1/1
   194 | D:1      | Reached XP level 2. HP: 29/29 MP: 2/2
   395 | D:1      | Found a faded altar of an unknown god.
  1034 | D:2      | Reached XP level 3. HP: 36/36 MP: 3/3
  1434 | D:3      | Reached skill level 1 in Dodging
  1550 | D:3      | Noticed Pargi
  1558 | D:3      | Killed Pargi
  1559 | D:3      | Reached skill level 4 in Unarmed Combat
  1559 | D:3      | Reached XP level 4. HP: 42/45 MP: 4/4
  1559 | D:3      | Reached XP level 5. HP: 50/53 MP: 5/5
  1798 | D:3      | Found an iron altar of Okawaru.
  1802 | D:3      | Found a snail-covered altar of Cheibriados.
  1805 | D:3      | Found a glowing silver altar of Zin.
  1805 | D:3      | Found a shadowy altar of Dithmenos.
  1812 | D:3      | Found a glowing golden altar of the Shining One.
  1816 | D:3      | Identified the amulet "Culyahyck" {Acrobat rF+ Dex+6}
  2399 | D:4      | Reached skill level 5 in Unarmed Combat
  2425 | D:4      | Reached XP level 6. HP: 13/61 MP: 6/6
  2595 | D:4      | Found a sacrificial altar of Ru.
  2621 | D:4      | Noticed Edmund
  2634 | D:4      | Killed Edmund
  2677 | D:4      | Reached skill level 6 in Unarmed Combat
  2699 | D:4      | Noticed Menkaure
  2721 | D:4      | Reached XP level 7. HP: 6/68 MP: 7/7
  2721 | D:4      | Slain by Menkaure

Illustrated notes

Levels and vault maps discovered:
D:1:      evilmike_arrival_hilbert_curve, layout_basic,
          dreamdust_ecumenical_altar_grove, minivault_25
D:2:      layout_basic, serial_glass, glass_columns_c, glass_columns_b,
          item_on_display_a, minmay_strange_pillars, minmay_strange_pillars,
          hex_tiny
D:3:      layout_loops_ring, nicolae_overflow_hallway_of_the_gods,
          serial_co_window_serial, co_window_paths_a, co_window_paths_b,
          co_window_corner_a, co_window_of_opportunity_a, co_window_paths_a,
          co_window_paths_a, co_window_corner_b, co_window_2corner,
          co_window_broadway_c, glass_columns_b, glass_columns_a,
          glass_columns_a, glass_columns_a, corexii_hall_statues_l,
          grunt_decor_arrowhead, uniq_pargi
D:4:      layout_basic, overflow_temple_1_default, fedhas_ov_isle_minmay,
          nicolae_nh_ransacked_shop, uniq_menkaure, uniq_edmund

Skill      XL: |  1  2  3  4  5  6 |
---------------+-------------------+-----
Dodging        | 1 2 |  2.7
Fighting       | 3 |  3.8
Unarmed Combat | 4 5 6 |  6.1
Spellcasting   | |  1.0
Fire Magic     | |  2.2

Action                     |  1- 3 |  4- 6 |  7- 9 || total
---------------------------+-------+-------+-------++-------
  Melee: Unarmed           |   114 |    96 |     1 ||   211
         Punch             |     1 |       |       ||     1
    Use: Scroll            |     8 |     1 |       ||     9
 Armour: Robe              |    37 |    27 |       ||    64
  Dodge: Dodged            |    60 |    44 |       ||   104

Table legend: (Time is in decaauts)
 A = Elapsed time spent in this place.
 B = Non-inter-level travel time spent in this place.
 C = Inter-level travel time spent in this place.
 D = Time resting spent in this place.
 E = Time spent auto-exploring this place.
 F = Levels seen in this place.
 G = Mean time per level.
                   A        B        C        D        E       F      G
               +--------+--------+--------+--------+--------+-----+--------+
         Total |   2706 |   2645 |     61 |     14 |   2188 |   4 |  676.5 |
       Dungeon |   2706 |   2645 |     61 |     14 |   2188 |   4 |  676.5 |
               +--------+--------+--------+--------+--------+-----+--------+

Top non-repeatable levels by time:
     D:1: 932 daAuts
     D:3: 837 daAuts
     D:2: 473 daAuts
     D:4: 462 daAuts
